 Dungeon Crawl Stone Soup version 0.23.2-33-g5129a83184 (webtiles) character file.

Game seed: 1797556457097666029

65 ChaosF the Firebug (level 4, -3/40 HPs)
             Began as an Ogre Fire Elementalist on July 2, 2019.
             Slain by Terence
             ... wielding a +2 morningstar of protection
              (8 damage)
             ... on level 2 of the Dungeon.
             The game lasted 00:15:51 (1513 turns).

ChaosF the Firebug (Ogre Fire Elementalist)         Turns: 1513, Time: 00:15:52

Health: -3/40      AC:  5    Str: 12    XL:     4   Next: 14%
Magic:  8/8        EV: 10    Int: 16    God:
Gold:   109        SH:  0    Dex: 10    Spells: 3/9 levels left

rFire    . . .     SeeInvis .   d - +0 club
rCold    . . .     Gourm    .   (no shield)
rNeg     . . .     Faith    .   a - +0 robe
rPois    .         Spirit   .   l - +2 hat
rElec    .         Reflect  .   (no cloak)
rCorr    .         Harm     .   (gloves unavailable)
MR       .....                  (boots unavailable)
Stlth    ++........             (no amulet)
HPRegen  0.13/turn              (no ring)
MPRegen  0.11/turn              (no ring)

@: berserk cooldown, starving
A: large, unfitting armour, tough skin 1
a: no special abilities


You were on level 2 of the Dungeon.
You were starving.

You visited 1 branch of the dungeon, and saw 2 of its levels.

You collected 109 gold pieces.

Inventory:

Hand Weapons
 d - a +0 club (weapon)
 i - a +0 club
Missiles
 b - 25 poisoned needles
 g - 8 javelins (quivered)
Armour
 a - a +0 robe (worn)
 l - a +2 hat (worn)
Jewellery
 n - an uncursed amulet of harm {unknown}
 o - a +4 ring of intelligence {unknown}
Potions
 e - a potion of resistance
 h - a potion of brilliance
 k - a potion of magic
Comestibles
 c - 2 rations


   Skills:
 + Level 0.3 Fighting
 + Level 0.3 Maces & Flails
 + Level 2.1 Dodging
 + Level 1.9 Stealth
 + Level 0.2 Unarmed Combat
 + Level 3.0 Spellcasting
 + Level 1.0 Conjurations
 + Level 3.4 Fire Magic


You had 3 spell levels left.
You knew the following spells:

 Your Spells              Type           Power        Failure   Level  Hunger
a - Flame Tongue          Conj/Fire      #....        8%          1    #......
b - Throw Flame           Conj/Fire      #.....       11%         2    ##.....
c - Inner Flame           Hex/Fire       #.......     26%         3    ###....

Your spell library contained the following spells:

 Spells                   Type           Power        Failure   Level  Hunger
 Conjure Flame            Conj/Fire      #.......     22%         3    ###....
 Sticky Flame             Conj/Fire      #.......     58%         4    #####..
 Fireball                 Conj/Fire      #.........   90%         5    ######.


Dungeon Overview and Level Annotations

Branches:
Dungeon (2/15)

Altars:
Kikubaaqudgha

Annotations:
D:2 Terence


Innate Abilities, Weirdness & Mutations

You are too large for most types of armour.
You have tough skin. (AC +1)


Message History

You hit Terence but do no damage.
Terence is moderately wounded.
Terence barely misses you. Terence hits you but does no damage.
You hit Terence.
Terence is heavily wounded.
Terence hits you with a +2 morningstar of protection!
* * * LOW HITPOINT WARNING * * *
Terence hits you with a +2 morningstar of protection.
* * * LOW HITPOINT WARNING * * *
Terence misses you. Terence says, "Did you write a will?
You should..."
Terence misses you.
You feel yourself speed up.
Terence hits you with a +2 morningstar of protection.
* * * LOW HITPOINT WARNING * * *
Really read the scroll of immolation?
As you read the scroll of immolation, it crumbles to dust.
The creatures around you are filled with an inner flame!
Terence hits you with a +2 morningstar of protection!
You die...

.....# #.##.# .....#
#.##.# .....# #.##.#
..#### #.##.# #####.
#.# #.##.####..... #.#
#.##......# #.#
#.##.#.##.##### ..#
#.......@.....# ###
#######.##@###.# #
#.......##.# #.# #
#.####..##.# #.# # #.#
#..##.# #.# #######.#
#..##.# #.#
........#....รท##.# #.#
#######.#.#...##.###.##
# #.# #.#.##......# #.#
..#.##.###.##


You could see Terence (inner flame).

Vanquished Creatures
  2 adders (D:2)
  2 oozes (D:1)
  A worm (D:2)
  2 leopard geckos (D:2)
  7 bats
  A giant cockroach (D:1)
  5 goblins
  3 hobgoblins (D:1)
  4 kobolds
  A quokka (D:2)
  5 frilled lizards
  2 rats (D:2)
35 creatures vanquished.

Notes
Turn   | Place    | Note
-------+----------+-------------------------------------------
     0 | D:1      | ChaosF the Ogre Fire Elementalist began the quest for the
                  | Orb.
     0 | D:1      | Reached XP level 1. HP: 16/16 MP: 3/3
    97 | D:1      | Reached XP level 2. HP: 17/24 MP: 2/5
   482 | D:1      | Reached XP level 3. HP: 29/31 MP: 5/7
  1027 | D:2      | Found an ancient bone altar of Kikubaaqudgha.
  1413 | D:2      | Reached skill level 1 in Conjurations
  1413 | D:2      | Reached XP level 4. HP: 40/40 MP: 5/8
  1417 | D:2      | Learned a level 2 spell: Throw Flame
  1421 | D:2      | Learned a level 3 spell: Inner Flame
  1492 | D:2      | Noticed Terence
  1513 | D:2      | Slain by Terence

Skill      XL: |  1  2  3 |
---------------+----------+-----
Fire Magic     | 3 |  3.4
Dodging        | 2 |  2.1
Spellcasting   | 3 |  3.0
Conjurations   | 1 |  1.0
Fighting       | |  0.3
Maces & Flails | |  0.3
Stealth        | |  1.9
Unarmed Combat | |  0.2

Action                   |  1- 3 |  4- 6 || total
-------------------------+-------+-------++-------
Melee: Unarmed           |    16 |       ||    16
       Club              |    72 |    17 ||    89
 Cast: Flame Tongue      |    32 |       ||    32
  Use: Potion            |     3 |     1 ||     4
       Scroll            |     1 |     3 ||     4
 Stab: Sleeping          |     3 |     1 ||     4
Armor: Robe              |    58 |     7 ||    65
Dodge: Dodged            |    82 |    14 ||    96
